 Dungeon Crawl Stone Soup version 0.18-a0-917-g8a3da5b (webtiles) character file.

72 dvd the Insei (level 4, 0/32 HPs)
             Began as a Merfolk Transmuter on Dec 26, 2015.
             Slain by a sky beast (3 damage)
             ... on level 2 of the Dungeon.
             The game lasted 00:06:00 (2314 turns).

dvd the Insei (Merfolk Transmuter)                  Turns: 2314, Time: 00:06:01

Health: 0/32       AC:  2    Str: 10    XL:     4   Next: 26%
Magic:  10/16      EV: 21    Int: 13    God:
Gold:   53         SH:  0    Dex: 19    Spells: 2 memorised, 4 levels left

rFire  . . .     SeeInvis .       - Unarmed
rCold  . . .     Gourm    .     (armour currently unavailable)
rNeg   . . .     Faith    .     (shield currently unavailable)
rPois  x         Spirit   .     (helmet currently unavailable)
rElec  .         Dismiss  .     (cloak currently unavailable)
rCorr  .         Reflect  .     (gloves currently unavailable)
SustAt .         Harm     .     (boots currently unavailable)
MR     .....                    (no amulet)
Stlth  ++........               (no ring)
                                f - ring of magical power

@: spider-form (expiring), very slightly contaminated, not resistant to hostile
enchantments, unstealthy
A: (change form in water), (swift swim)
a: End Transformation


You were on level 2 of the Dungeon.
You were not hungry.
You were a venomous arachnid creature.
You visited 1 branch of the dungeon, and saw 3 of its levels.

You collected 53 gold pieces.

Inventory:

Missiles
 q - 8 tomahawks (quivered)
Armour
 b - a +0 robe
 g - a +0 robe (melded)
Jewellery
 f - a ring of magical power (left front leg)
Scrolls
 a - a scroll of enchant weapon {unknown}
 e - a scroll of enchant armour {unknown}
 i - a scroll of random uselessness {unknown}
 j - a scroll of amnesia {unknown}
 l - a scroll of immolation {unknown}
Potions
 h - a potion of haste {unknown}
 o - a potion of agility {unknown}
Books
 c - a book of Changes

   Spells                             Type                      Level
   a - Beastly Appendage              Transmutation                1
   b - Sticks to Snakes               Transmutation                2
   c - Spider Form                    Transmutation/Poison         3
   d - Ice Form                       Ice/Transmutation            4
   e - Blade Hands                    Transmutation                5
Comestibles
 d - 3 bread rations
 k - a meat ration
 n - a beef jerky
 p - a chunk of flesh


   Skills:
 + Level 1.4 Fighting
 + Level 3.0 Dodging
 + Level 1.2 Stealth
 + Level 4.1 Unarmed Combat
 * Level 2.5 Spellcasting
 + Level 3.5 Transmutations


You had 4 spell levels left.
You knew the following spells:

 Your Spells              Type           Power        Failure   Level  Hunger
a - Beastly Appendage     Trmt           ##....       21%         1    #......
b - Spider Form           Trmt/Pois      #.........   61%         3    ###....


Dungeon Overview and Level Annotations

Branches:
Dungeon (3/15)

Altars:
Dithmenos

Annotations:
D:3 Ijyb


Message History

* * * LOW HITPOINT WARNING * * *
Drink which item? (? for menu, Esc to quit)
You feel better. Something hits you.
* * * LOW HITPOINT WARNING * * *
Something shocks you.
* * * LOW HITPOINT WARNING * * *
Something closely misses you.
You climb upwards.
There is a stone staircase leading down here.
Something barely misses you.
You hit something.
A sky beast appears from thin air!
Reactivating autopickup.
The sky beast misses you.
You hit the sky beast but do no damage.
The sky beast is severely wounded.
Your transformation is almost over.
The sky beast flickers out of sight!
Deactivating autopickup; reactivate with Ctrl-A.
Something hits you.
You die...

#.####..###
#.#########
##.........#
#..........
#........#.#
###########
#..........#
#..........#
#..........#
#..........#
#########..#
#.s# #{>#
####


There were no monsters in sight!

Vanquished Creatures
  4 adders
  A worm (D:2)
  3 bats
  7 goblins
  2 hobgoblins (D:2)
  5 kobolds
  A quokka (D:2)
  A giant newt (D:1)
  15 rats
39 creatures vanquished.

Notes
Turn   | Place    | Note
--------------------------------------------------------------
     0 | D:1      | dvd the Merfolk Transmuter began the quest for the Orb.
     0 | D:1      | Reached XP level 1. HP: 15/15 MP: 3/3
    64 | D:1      | Reached XP level 2. HP: 21/21 MP: 3/5
   640 | D:2      | Reached skill level 4 in Unarmed Combat
   772 | D:2      | Reached XP level 3. HP: 26/26 MP: 4/6
   884 | D:2      | Found a shadowy altar of Dithmenos.
  1058 | D:2      | Learned a level 3 spell: Spider Form
  1793 | D:2      | Reached skill level 1 in Stealth
  1793 | D:2      | Reached XP level 4. HP: 23/32 MP: 7/7
  2287 | D:3      | Noticed a sky beast
  2293 | D:3      | Noticed Ijyb
  2314 | D:2      | Slain by a sky beast

Vault maps used:
D:1:      dpeg_arrival_rooms_b, minmay_rat_gold_closets
D:2:      first_bread, nicolae_dithmenos_through_a_glass_darkly
D:3:      overflow_temple_1_default, overflow_temple_1_default, uniq_iyjb

Action                   |  1- 3 |  4- 6 || total
-------------------------+-------+-------++-------
Melee: Unarmed           |    86 |    38 ||   124
 Cast: Beastly Appendage |    15 |     6 ||    21
       Spider Form       |     1 |     2 ||     3
  Use: Potion            |     1 |     1 ||     2
 Stab: Sleeping          |     4 |       ||     4
  Eat: Chunk             |     3 |     2 ||     5
